Map: Honorgrounds LE

Players

Rem

  • Race: Protoss Protoss
  • League: Master
  • Spawn Location: 1:00

Railgan - Winner!

  • Race: Zerg Zerg
  • League: Grandmaster
  • Spawn Location: 11:00

VOD

Have the link to the VOD?

Description

Time

  • Played on: March 13, 2017, 5:33 p.m.
  • Length: 5:53
Show
View Real Time Build Order
Export as new Build Order

Rem Protoss 

Build Orders: 1 Gate Expand, Zealot Archon, Dark Templar Rush 

Get SALT Encoding   

  12  0:00  Probe (Chrono Boost)  
  13  0:11  Probe (Chrono Boost)  
  14  0:18  Pylon  
  14  0:22  Probe (Chrono Boost)  
  15  0:37  Probe (Chrono Boost)  
  15  0:38  Gateway  
  16  0:45  Assimilator  
  16  0:48  Probe (Chrono Boost)  
  17  0:58  Probe (Chrono Boost)  
  18  1:09  Probe (Chrono Boost)  
  19  1:24  Nexus  
  19  1:28  Probe (Chrono Boost)  
  20  1:38  Cybernetics Core  
  20  1:42  Probe (Chrono Boost)  
  21  1:52  Probe (Chrono Boost), Assimilator  
  22  1:58  Pylon  
  22  2:03  Probe (Chrono Boost)  
  23  2:13  Adept  
  23  2:18  Probe (Chrono Boost)  
  26  2:24  Twilight Council  
  26  2:28  Warp Gate  
  26  2:31  Probe (Chrono Boost)  
  26  2:37  Probe (Chrono Boost)  
  26  2:41  Probe (Chrono Boost)  
  30  2:48  Probe (Chrono Boost)  
  29  2:54  Robotics Facility  
  29  2:57  Probe (Chrono Boost)  
  30  2:59  Probe (Chrono Boost)  
  31  3:07  Probe (Chrono Boost)  
  31  3:09  Probe (Chrono Boost)  
  33  3:13  Dark Shrine  
  33  3:18  Probe (Chrono Boost)  
  34  3:20  Probe (Chrono Boost)  
  35  3:31  Mothership Core (Chrono Boost), Probe (Chrono Boost)  
  38  3:38  Assimilator  
  38  3:40  Warp Prism  
  40  3:42  Probe (Chrono Boost)  
  41  3:49  Probe (Chrono Boost)  
  41  3:50  Gateway  
  41  3:54  Gateway  
  42  3:59  Gateway  
  40  4:13  Probe x2 (Chrono Boost)  
  41  4:23  Probe x2 (Chrono Boost)  
  45  4:27  Pylon  
  45  4:35  Probe (Chrono Boost)  
  46  4:38  Observer  
  46  4:40  Probe (Chrono Boost)  
  46  4:45  Probe (Chrono Boost)  
  45  4:51  Probe (Chrono Boost)  
  46  4:56  Dark Templar x3  
  46  4:58  Probe (Chrono Boost)  
  53  5:03  Probe (Chrono Boost)  
  54  5:27  Pylon  
  54  5:29  Pylon  
  54  5:32  Archon  
  54  5:37  Nexus  
  54  5:41  Probe x2 (Chrono Boost)  
  52  5:44  Pylon  
  52  5:49  Stargate  
  52  5:50  Assimilator  
Show
View Real Time Build Order
Export as new Build Order

Railgan Zerg - Winner!

Build Orders: Hatch First 

Get SALT Encoding   

  12  0:01  Drone  
  13  0:13  Overlord  
  13  0:18  Drone  
  14  0:31  Drone x2  
  17  0:35  Drone  
  17  0:45  Drone  
  18  0:56  Hatchery  
  17  0:58  Drone  
  17  1:01  Extractor  
  17  1:14  Spawning Pool  
  16  1:19  Drone  
  16  1:20  Drone  
  18  1:28  Drone  
  19  1:43  Overlord  
  19  2:01  Zergling x2, Queen  
  19  2:02  Zergling x2  
  19  2:08  Drone  
  24  2:10  Queen  
  24  2:11  Drone  
  24  2:15  Metabolic Boost  
  27  2:22  Drone  
  28  2:25  Drone  
  29  2:30  Drone  
  29  2:34  Drone  
  29  2:35  Evolution Chamber  
  30  2:37  Queen  
  30  2:43  Overlord  
  32  2:51  Drone  
  32  2:53  Drone  
  32  2:56  Drone  
  35  3:04  Zerg Melee Weapons Level 1  
  35  3:08  Zergling x4  
  37  3:13  Drone x4  
  37  3:18  Overlord  
  41  3:20  Drone  
  41  3:21  Drone  
  41  3:24  Zergling x2  
  44  3:37  Lair  
  44  3:39  Extractor  
  43  3:46  Drone x5  
  48  3:51  Extractor  
  48  3:52  Extractor  
  48  3:53  Drone  
  48  3:54  Drone  
  48  3:55  Drone  
  49  4:08  Drone, Zergling x2  
  49  4:09  Zergling x2  
  52  4:12  Drone  
  51  4:19  Overlord  
  51  4:22  Overlord  
  51  4:26  Overlord  
  50  4:32  Baneling Nest  
  50  4:33  Zergling x4  
  50  4:35  Overlord  
  50  4:36  Queen  
  53  4:41  Drone  
  53  4:42  Drone  
  53  4:45  Drone x2  
  56  4:51  Zergling x8  
  59  4:54  Infestation Pit  
  59  4:56  Drone  
  59  4:58  Drone, Overseer  
  60  5:04  Zergling x4  
  54  5:23  Drone x3  
  54  5:27  Zergling x10  
  66  5:31  Drone  
  67  5:40  Drone  
Tags
 
Add a new tag
Caveats
  • Supply blocks, unpowered buildings, or Contaminate may cause inaccurate times.
  • Supply counts are checked every 10 seconds.